 Dungeon Crawl Stone Soup version 0.28.0 (webtiles) character file.

Game seed: 4872806509011290168

306 crazypyro the Chopper (level 6, -9/79 HPs)
             Began as a Hill Orc Berserker on Feb 10, 2022.
             Was a Priest of Trog.
             Mangled by an orc warrior (14 damage)
             ... on level 4 of the Dungeon.
             The game lasted 00:02:51 (3204 turns).

crazypyro the Chopper (Hill Orc Berserker)          Turns: 3204, Time: 00:02:51

Health: -9/79      AC:  2    Str: 22    XL:     6   Next: 39%
Magic:  6/6        EV: 12    Int:  7    God:    Trog [***...]
Gold:   72         SH:  0    Dex: 10    Spells: 5/5 levels left

rFire   . . .      SeeInvis .   o - +2 war axe (drain)
rCold   . . .      Faith    .   (no shield)
rNeg    . . .      Spirit   .   b - +0 animal skin
rPois   .          Reflect  .   (no helmet)
rElec   .          Harm     .   (no cloak)
rCorr   +          Rampage  .   (no gloves)
Will    ++...                   (no boots)
Stlth   ..........              (no amulet)
HPRegen 1.23/turn               f - ring of resist corrosion
MPRegen 0.10/turn               (no ring)

@: berserking, strong-willed, regenerating, very quick
A: no striking features
a: Renounce Religion, Berserk, Trog's Hand


You were on level 4 of the Dungeon.
You worshipped Trog.
Trog was most pleased with you.
You visited 1 branch of the dungeon, and saw 4 of its levels.

You collected 72 gold pieces.

Inventory:

Hand Weapons
 a - a +0 hand axe
 l - a +0 war axe
 m - a +0 hand axe of electrocution
 o - a +2 war axe of draining (weapon)
Armour
 b - a +0 animal skin (worn)
Jewellery
 f - a ring of resist corrosion (left hand)
Scrolls
 d - 3 scrolls of teleportation
 g - a scroll of immolation {unknown}
 i - a scroll of acquirement {unknown}
 k - a scroll of fear {unknown}
 n - a scroll of identify {unknown}
Potions
 c - a potion of might {unknown}
 e - a potion of curing {unknown}
 h - 3 potions of degeneration {unknown}
 j - 3 potions of heal wounds {unknown}


   Skills:
 + Level 4.4 Fighting
 + Level 7.8 Axes
 + Level 3.1 Armour
 + Level 2.3 Dodging


You had 5 spell levels left.
You didn't know any spells.
Your spell library was empty.

Dungeon Overview and Level Annotations

Branches:
Dungeon (4/15)
 Temple: D:4-7

Altars:


Message History

Found a stone staircase leading down.
The orc shouts!
The hobgoblin shouts!
You slash the orc warrior!
The orc warrior is heavily wounded.
You slash something! Something hits you. The orc warrior completely misses you.
You barely miss the orc warrior.
The orc warrior is heavily wounded.
You closely miss something. Something hits you.
The orc warrior hits you with a +0 hand axe!!
You closely miss the orc warrior.
The orc warrior is heavily wounded.
You closely miss something. Something hits you.
The orc warrior hits you with a +0 hand axe!
* * * LOW HITPOINT WARNING * * *
You are too injured to fight recklessly!
Your skin crawls.
You feel strong-willed. Something hits you.
* * * LOW HITPOINT WARNING * * *
A red film seems to cover your vision as you go berserk!
You feel yourself moving faster!
You feel mighty! Something hits you.
* * * LOW HITPOINT WARNING * * *
You slash something! Trog accepts your kill.
Trog appreciates your killing of a magic user.
Reactivating autopickup.
You feel a bit more experienced.
You closely miss the hobgoblin. The hobgoblin closely misses you.
You hit the hobgoblin.
You kill the hobgoblin!
Trog accepts your kill.
You barely miss the orc warrior.
The orc warrior is moderately wounded.
The orc warrior hits you with a +0 hand axe!
* * * LOW HITPOINT WARNING * * *
You closely miss the orc warrior.
The orc warrior is moderately wounded.
The orc warrior hits you with a +0 hand axe!
You die...

#. #. # #.
#.#. #.#g
#...
#..#########
#.oo@).....#
#..#######.#
#.> #.# ###
#.# #.# #.#
########.#
########
#........#
#......#
#.########


You could see an orc warrior and an orc.

Vanquished Creatures
  A black bear (D:4)
  A hound (D:4)
  An orc priest (D:4)
  An orc wizard (D:4)
  A hound skeleton (D:4)
  3 river rats (D:3)
  An adder (D:3)
  2 dart slugs
  A worm (D:3)
  6 orcs
  10 ball pythons
  7 endoplasms
  3 giant cockroaches
  2 goblins (D:1)
  4 hobgoblins
  5 kobolds
  3 quokkas
  7 bats
  10 frilled lizards
  4 rats (D:3)
73 creatures vanquished.

Notes
Turn   | Place    | Note
-------+----------+-------------------------------------------
     0 | D:1      | crazypyro the Hill Orc Berserker began the quest for the
                  | Orb.
     0 | D:1      | Reached XP level 1. HP: 19/19 MP: 1/1
   128 | D:1      | Reached XP level 2. HP: 22/26 MP: 2/2
   231 | D:1      | Reached skill level 5 in Axes
   696 | D:1      | Reached XP level 3. HP: 25/31 MP: 3/3
   824 | D:1      | Reached ** piety under Trog
  1047 | D:1      | You fall into a shaft and drop 1 floor!
  1454 | D:2      | Found a faded altar of an unknown god.
  1577 | D:2      | Reached skill level 6 in Axes
  1903 | D:3      | Reached XP level 4. HP: 34/39 MP: 4/4
  2508 | D:3      | Reached skill level 7 in Axes
  2974 | D:3      | Reached XP level 5. HP: 44/45 MP: 5/5
  3040 | D:4      | Noticed a black bear
  3046 | D:4      | Killed a black bear
  3046 | D:4      | Reached *** piety under Trog
  3121 | D:4      | Reached XP level 6. HP: 48/52 MP: 6/6
  3192 | D:4      | Noticed an orc warrior
  3204 | D:4      | Mangled by an orc warrior

Illustrated notes

Levels and vault maps discovered:
D:1:      lemuel_arrival_funnel, layout_rooms
D:2:      layout_basic, serial_shops, nicolae_shop_waterfront, serial_aquarium,
          aquarium_bridge_straight [aquarium_subvault_bridge,
          aquarium_subvault_window, aquarium_subvault_bridge,
          aquarium_subvault_wall], aquarium_window_corner, aquarium_window_fake,
          aquarium_window_3, aquarium_window_fake, aquarium_view_2c,
          aquarium_pool_2, basic_ecumenical_altar, uniq_jessica
D:3:      layout_basic, portal_sewer_entry_e
D:4:      layout_basic, minmay_temple_entry_statues_pillars

Skill      XL: |  1  2  3  4  5  6 |
---------------+-------------------+-----
Axes           | 5 6 7 |  7.8
Fighting       | 4 |  4.4
Dodging        | 2 |  2.3
Armour         | 3 |  3.1

Action                   |  1- 3 |  4- 6 || total
-------------------------+-------+-------++-------
Melee: Hand axe          |   142 |    15 ||   157
       War axe           |       |    56 ||    56
Invok: Berserk           |       |     2 ||     2
       Trog's Hand       |       |     1 ||     1
  Use: Scroll            |       |     1 ||     1
 Stab: Sleeping          |     1 |     1 ||     2
Armor: Animal skin       |    33 |    14 ||    47
Dodge: Dodged            |    71 |    42 ||   113
